 Dungeon Sprint DCSS version 0.21-a0-538-gd16b88a (webtiles) character file.

249 Ghella the Covert (level 5, 0/22 (25) HPs)
             Began as a Spriggan Enchanter on Dec 15, 2017.
             Slain by a necrophage (7 damage)
             ... in the Dungeon (Sprint II: "The Violet Keep of Menkaure").
             The game lasted 00:00:32 (55 turns).

Ghella the Covert (Spriggan Enchanter)                Turns: 55, Time: 00:00:33

HP:   0/22 (25)     AC:  2    Str:  4    XL:     5   Next: 86%
MP:   11/14         EV: 22    Int: 17    God:
Gold: 0             SH:  0    Dex: 17    Spells: 15/16 levels left

rFire    . . .     SeeInvis +   a - +1 dagger
rCold    . . .     Gourm    .   (shield restricted)
rNeg     . . .     Faith    .   b - +0 robe
rPois    .         Spirit   .   (helmet restricted)
rElec    .         Reflect  .   (no cloak)
rCorr    .         Harm     .   (gloves unavailable)
MR       .....     NoTele   +   (boots unavailable)
Stlth    +++++.....             (no amulet)
HPRegen  0.07/turn              (no ring)
MPRegen  0.14/turn              (no ring)

@: berserk cooldown, slowed, quick
A: very small, unfitting armour, see invisible, herbivore 3, speed 3, slow
metabolism 2
a: no special abilities


You were in the Dungeon.
You were not hungry.

You visited 1 branch

Inventory:

Hand Weapons
 a - a +1 dagger (weapon)
Armour
 b - a +0 robe (worn)
Scrolls
 j - a scroll of blinking
Potions
 e - a potion of curing
 f - a potion of heal wounds
 g - a potion of haste
 h - 2 potions of magic
Books
 c - a book of Maledictions

   Spells                             Type                      Level
   a - Corona                         Hexes                        1
   b - Ensorcelled Hibernation        Hexes/Ice                    2
   c - Confuse                        Hexes                        3
   d - Tukima's Dance                 Hexes                        3
   e - Dazzling Spray                 Conjuration/Hexes            3
Comestibles
 d - a bread ration


   Skills:
 + Level 0.8 Fighting
 + Level 3.0 Short Blades
 + Level 6.2 Dodging
 + Level 11.0 Stealth
 + Level 6.2 Spellcasting
 + Level 9.8 Hexes


You had 15 spell levels left.
You knew the following spells:

 Your Spells              Type           Power        Failure   Level  Hunger
a - Corona                Hex            #####..      1%          1    None


Dungeon Overview and Level Annotations

Branches:
Dungeon (1/1)

Altars:


Innate Abilities, Weirdness & Mutations

You are very small and have problems with some larger weapons.
You are too small for most types of armour.
You have supernaturally acute eyesight. (SInv)
You are a herbivore.
You cover ground extremely quickly.
You need consume almost no food.


Message History

The necrophage misses you. The necrophage closely misses you.
You barely miss the necrophage.
The necrophage is heavily damaged.
The necrophage completely misses you.
You hit the necrophage.
The necrophage is heavily damaged.
The necrophage barely misses you.
You closely miss the necrophage.
The necrophage is heavily damaged.
The necrophage misses you. The necrophage barely misses you.
You barely miss the necrophage.
The necrophage is heavily damaged.
The necrophage barely misses you.
You closely miss the necrophage.
The necrophage is heavily damaged.
The necrophage hits you.
You hit the necrophage.
The necrophage is severely damaged.
The necrophage closely misses you. The necrophage hits you!
You die...

#+#
##.###
+.<.+#
##@##.#
#n# 3#
.#. #
.. ..
##. .##
## ##


You could see a necrophage.

Vanquished Creatures
  3 necrophages (D)
3 creatures vanquished.

Notes
Turn   | Place    | Note
-------+----------+-------------------------------------------
     0 | D        | Ghella the Spriggan Enchanter began the quest for the Orb.
     0 | D        | Reached XP level 1. HP: 9/9 MP: 5/5
     1 | D        | Noticed a neqoxec
     4 | D        | Noticed a necrophage
     4 | D        | Noticed a necrophage
     4 | D        | Noticed a necrophage
     4 | D        | Noticed a necrophage
    22 | D        | Killed a necrophage
    22 | D        | Reached skill level 8 in Stealth
    22 | D        | Reached XP level 2. HP: 13/13 MP: 5/8
    22 | D        | Reached XP level 3. HP: 16/16 MP: 6/10
    22 | D        | Reached XP level 4. HP: 21/21 MP: 6/11
    34 | D        | Killed a necrophage
    34 | D        | Reached skill level 5 in Dodging
    34 | D        | Reached skill level 10 in Stealth
    34 | D        | Reached skill level 5 in Spellcasting
    34 | D        | Reached XP level 5. HP: 24/24 MP: 7/14
    40 | D        | Killed a necrophage
    40 | D        | Reached skill level 11 in Stealth
    55 | D        | Slain by a necrophage

Vault maps used:
D:        the_violet_keep_of_menkaure

Skill      XL: |  1  2  3  4  5 |
---------------+----------------+-----
Dodging        | 4 5 6 |  6.2
Stealth        | 8 10 11 | 11.0
Spellcasting   | 4 5 6 |  6.2
Hexes          | 7 8 9 |  9.8
Short Blades   | 2 3 |  3.0
Fighting       | |  0.8

Action                   |  1- 3 |  4- 6 || total
-------------------------+-------+-------++-------
Melee: Dagger            |     4 |    33 ||    37
  Use: Potion            |     1 |       ||     1
Armor: Robe              |       |     1 ||     1
Dodge: Dodged            |     2 |    22 ||    24

Table legend:
 A = Spawn XP
 B = Non-spawn XP
 C = Spawn XP percentage of total XP
 D = Spawn monster count
 E = Non-spawn monster count
 F = Spawn count percentage of total count
 G = Total turns spent on level
                    A         B        C        D         E        F      G
               +---------+---------+-------+---------+---------+-------+---------
         Total |       0 |     356 |   0.0 |       0 |       3 |   0.0 |    55
               +---------+---------+-------+---------+---------+-------+---------
             D |       0 |     356 |   0.0 |       0 |       3 |   0.0 |    55
               +---------+---------+-------+---------+---------+-------+---------
